Map: King's Cove LE

Players

Spectre

  • Race: Zerg Zerg
  • League: Platinum
  • Spawn Location: 5:00

pHARM - Winner!

  • Race: Zerg Zerg
  • League: Platinum
  • Spawn Location: 11:00

VOD

Have the link to the VOD?

Description

Time

  • Played on: Aug. 5, 2019, 2:10 a.m.
  • Length: 8:18
Show
View Real Time Build Order
Export as new Build Order

Spectre Zerg 

Build Orders: Pool First 

Get SALT Encoding   

  12  0:01  Drone  
  13  0:13  Overlord  
  13  0:18  Drone  
  14  0:31  Drone x2  
  16  0:36  Drone  
  17  0:48  Spawning Pool  
  16  0:58  Extractor  
  15  1:19  Hatchery  
  15  1:20  Drone  
  15  1:28  Drone x2  
  17  1:39  Drone  
  18  1:49  Queen  
  18  1:53  Overlord  
  20  1:57  Drone  
  21  2:04  Drone  
  22  2:14  Drone  
  23  2:26  Zergling x2  
  23  2:28  Metabolic Boost  
  24  2:32  Queen  
  26  2:41  Drone x2  
  28  2:51  Drone x2  
  28  2:53  Baneling Nest  
  28  2:57  Overlord  
  29  3:05  Drone x3  
  32  3:20  Drone x3  
  32  3:21  Drone  
  36  3:29  Drone x2  
  38  3:37  Zergling x2  
  38  3:43  Baneling x2  
  38  3:44  Drone  
  39  3:49  Queen  
  39  3:51  Overlord x2  
  41  3:57  Evolution Chamber  
  41  3:59  Zergling x4  
  41  4:00  Zergling x4  
  44  4:13  Zergling x8  
  48  4:17  Drone  
  48  4:21  Extractor  
  48  4:22  Drone, Extractor  
  48  4:28  Zerg Ground Armor Level 1  
  48  4:32  Evolution Chamber  
  48  4:33  Zergling x6  
  48  4:34  Zergling x4  
  52  4:55  Drone x2  
  52  4:56  Drone x3  
  53  5:29  Zergling x4, Spine Crawler x2  
  53  5:30  Zergling x12  
  53  5:35  Lair  
  59  5:49  Overlord x3  
  59  5:50  Hatchery  
  59  5:54  Zerg Missile Weapons Level 1  
  58  6:15  Overlord  
  58  6:16  Overlord x4  
  58  6:20  Drone x2  
  58  6:21  Drone x4  
  58  6:23  Extractor  
  58  6:24  Zerg Melee Weapons Level 1  
  63  6:43  Drone x4  
  67  6:49  Infestation Pit  
  66  7:07  Overlord  
  66  7:08  Overlord x3  
  66  7:14  Drone x4  
  66  7:15  Drone x4  
  74  7:31  Infestor x4  
  82  7:37  Drone x2  
  82  7:38  Drone x3  
  83  7:55  Zergling x10  
  83  7:56  Zergling x4  
  78  8:01  Zergling x4  
Show
View Real Time Build Order
Export as new Build Order

pHARM Zerg - Winner!

Build Orders: Hatch First 

Get SALT Encoding   

  12  0:00  Drone  
  13  0:14  Overlord  
  13  0:22  Drone  
  14  0:33  Drone x2  
  16  0:41  Drone  
  17  0:57  Hatchery  
  16  1:05  Drone  
  17  1:20  Drone x2, Spawning Pool  
  17  1:23  Drone  
  19  1:36  Drone  
  20  1:42  Extractor  
  20  1:43  Drone  
  20  2:07  Queen  
  22  2:09  Queen  
  22  2:13  Overlord  
  22  2:15  Zergling x2  
  25  2:16  Drone x2  
  27  2:46  Queen  
  29  2:51  Lair  
  29  2:54  Overlord, Drone  
  29  2:55  Drone x4  
  34  3:14  Drone x2  
  36  3:46  Drone x7  
  43  3:49  Evolution Chamber  
  42  4:04  Roach Warren  
  42  4:07  Evolution Chamber  
  39  4:18  Zerg Missile Weapons Level 1  
  39  4:22  Drone x5  
  39  4:23  Overlord x2  
  39  4:24  Overlord x2  
  44  4:33  Extractor  
  44  4:35  Extractor  
  42  4:45  Roach x4  
  50  4:46  Roach x2  
  54  5:05  Roach x5  
  62  5:35  Glial Reconstitution  
  62  5:51  Drone  
  62  5:52  Drone x3  
  62  5:53  Drone x2  
  68  6:05  Overlord x2  
  68  6:06  Roach x4  
  76  6:23  Overlord, Queen  
  76  6:24  Overlord  
  76  6:25  Roach x2  
  82  6:50  Hatchery  
  81  7:14  Roach x10  
  101  7:17  Hatchery  
  100  7:57  Drone x3  
  100  7:58  Drone x5  
Tags
 
Add a new tag
Caveats
  • Supply blocks, unpowered buildings, or Contaminate may cause inaccurate times.
  • Supply counts are checked every 10 seconds.